 Dungeon Crawl Stone Soup version 0.18.1-48-g4cf74bf (webtiles) character file.

1987 tyranidshit the Fighter (level 9, -1/82 HPs)
             Began as a Demonspawn Abyssal Knight on Sept 8, 2016.
             Was an Elder of Lugonu.
             Slain by an ogre
             ... wielding a +0 giant club
              (18 damage)
             ... on level 6 of the Dungeon.
             The game lasted 00:11:29 (3733 turns).

tyranidshit the Fighter (Demonspawn Abyssal Knight) Turns: 3733, Time: 00:11:30

Health: -1/82      AC:  7    Str: 13 (16) XL:     9   Next: 1%
Magic:  19/19      EV:  8    Int: 11 (13) God:    Lugonu [****..]
Gold:   271        SH:  0    Dex:  7 (13) Spells: 0 memorised, 8 levels left

rFire  . . .     SeeInvis .     e - +2 war axe (drain)
rCold  . . .     Gourm    .     k - +0 scale mail
rNeg   . . .     Faith    .     (no shield)
rPois  .         Spirit   .     (helmet unavailable)
rElec  .         Dismiss  .     f - +0 cloak
rCorr  .         Reflect  .     (no gloves)
SustAt .         Harm     .     (no boots)
MR     .....                    g - amulet of regeneration
Stlth  ..........               w - ring of magical power
                                d - ring of wizardry

@: heavily drained, not resistant to hostile enchantments, extremely unstealthy
A: claws 1, hooves 1, horns 3, powered by death 1
a: Depart the Abyss, Bend Space, Banish, Corrupt, Renounce Religion


You were on level 6 of the Dungeon.
You worshipped Lugonu.
Lugonu was greatly pleased with you.
You were not hungry.

You visited 1 branch of the dungeon, and saw 6 of its levels.
You visited the Abyss 1 time.
You also visited: Sewer.

You collected 451 gold pieces.
You spent 180 gold pieces at shops.

Inventory:

Hand Weapons
 e - a +2 war axe of draining (weapon)
 v - a +0 hand axe of flaming
Armour
 b - a +0 leather armour
 f - a +0 cloak (worn)
 k - a +0 scale mail (worn)
Jewellery
 d - a ring of wizardry (left claw)
 g - an amulet of regeneration (around neck)
 w - a ring of magical power (right claw)
Wands
 a - a wand of lightning (3/15)
Scrolls
 c - 4 scrolls of fog
 i - 4 scrolls of identify
 j - 6 scrolls of teleportation
 m - a scroll of immolation
 p - 2 scrolls of fear
 t - 2 scrolls of remove curse
 u - 2 scrolls of enchant weapon
 x - a scroll of blinking
Potions
 l - a potion of cure mutation
 n - 3 potions of heal wounds
 o - 6 potions of curing
 q - 2 potions of flight
 z - a potion of berserk rage
Comestibles
 h - a slice of pizza
 r - a beef jerky
 s - 3 bread rations


   Skills:
 + Level 11.9(10.1) Fighting
 - Level 1.7(0.3) Axes
 - Level 1.7(0.3) Armour
 - Level 0.8(0.0) Dodging
 - Level 2.4(1.0) Invocations


You had 8 spell levels left.
You didn't know any spells.

Dungeon Overview and Level Annotations

Branches:
Dungeon (6/15)
 Temple: D:4-7

Altars:
Qazlal

Shops:
D:4 ?

Annotations:
D:3 Cryoshakespeare's ghost, amateur DsMo


Innate Abilities, Weirdness & Mutations

You have sharp fingernails.
You have large cloven feet.
You have a pair of large horns on your head.
You regenerate a little health from kills.


Message History

An ogre is nearby!
The ogre shouts!
Found a chain mail.
You barely miss the ogre. You kick the ogre, but do no damage.
Your headbutt misses the ogre. The ogre hits you with a giant club!!
You hit the ogre.
The ogre is lightly wounded.
The ogre hits you with a giant club!
You slash the ogre!
The ogre is heavily wounded.
You feel less regenerative. The ogre hits you with a giant club! x2
You barely miss the ogre. You kick the ogre, but do no damage.
The ogre is heavily wounded.
The ogre hits you with a giant club!
* * * LOW HITPOINT WARNING * * *
You barely miss the ogre.
The ogre is heavily wounded.
The ogre hits you with a giant club!!
You die...

#.####<.# #.......#
#####..## ##.# #.#
#.# #.#
####+############.#
......O@......(...#
#.#.#.#.#.#.#)#.###
...[.#.......#
###############


You could see an ogre.

Vanquished Creatures
  Grinder (D:5)
  Sigmund (D:6)
  A phantom (D:4)
  5 ogres
  3 giant frogs (D:6)
  A big kobold (Sewer)
  A scorpion (D:6)
  5 wights (D:6)
  4 howler monkeys
  A crimson imp (D:6)
  A quasit (D:6)
  3 hounds
  An orc wizard (D:4)
  An iguana (D:4)
  3 worker ants
  4 adders
  4 river rats
  2 oozes
  An adder skeleton (D:4)
  3 worms
  3 orcs (D:4)
  7 ball pythons
  4 bats
  5 giant cockroaches
  7 goblins
  7 hobgoblins
  4 jackals
  22 kobolds
  2 quokkas
  A giant gecko skeleton (D:4)
  A giant gecko zombie (D:5)
  6 giant newts
  A quokka skeleton (D:4)
  26 rats
  2 fungi (D:3)
144 creatures vanquished.

Notes
Turn   | Place    | Note
--------------------------------------------------------------
     0 | Abyss:1  | tyranidshit the Demonspawn Abyssal Knight began the quest for the Orb.
     0 | Abyss:1  | Reached XP level 1. HP: 18/18 MP: 2/2
    40 | D:1      | Escaped the Abyss
   234 | D:1      | Reached * piety under Lugonu
   240 | D:1      | Gained mutation: You have a pair of small horns on your head. [demonic ancestry]
   240 | D:1      | Reached XP level 2. HP: 23/24 MP: 3/3
   349 | D:1      | Reached skill level 4 in Fighting
   726 | D:2      | Gained mutation: You have a pair of horns on your head. [potion of beneficial mutation]
   940 | D:2      | Gained mutation: You regenerate a little health from kills. [demonic ancestry]
   940 | D:2      | Reached XP level 3. HP: 30/30 MP: 4/4
  1649 | D:3      | Found a glowing drain.
  1655 | D:3      | Reached ** piety under Lugonu
  1667 | Sewer    | Entered a sewer
  1684 | Sewer    | Gained mutation: You have a pair of large horns on your head. [demonic ancestry]
  1684 | Sewer    | Reached XP level 4. HP: 38/38 MP: 5/5
  1687 | Sewer    | Reached skill level 5 in Fighting
  1845 | Sewer    | Reached *** piety under Lugonu
  1855 | Sewer    | Noticed a big kobold
  1861 | Sewer    | Killed a big kobold
  1861 | Sewer    | Reached skill level 6 in Fighting
  1861 | Sewer    | Reached XP level 5. HP: 42/46 MP: 6/6
  2181 | D:3      | Noticed Cryoshakespeare's ghost (amateur DsMo)
  2299 | D:4      | Noticed an ogre
  2311 | D:4      | Killed an ogre
  2311 | D:4      | Gained mutation: You have sharp fingernails. [demonic ancestry]
  2311 | D:4      | Reached XP level 6. HP: 21/53 MP: 7/7
  2324 | D:4      | Reached skill level 7 in Fighting
  2492 | D:4      | Reached skill level 8 in Fighting
  2492 | D:4      | Reached XP level 7. HP: 59/62 MP: 8/8
  2541 | D:4      | Found Ranaroc's Magic Scroll Shop.
  2572 | D:4      | Bought a scroll of enchant weapon for 90 gold pieces
  2572 | D:4      | Bought a scroll of enchant weapon for 90 gold pieces
  2606 | D:4      | Reached **** piety under Lugonu
  2801 | D:5      | Entered Level 5 of the Dungeon
  2817 | D:5      | Reached skill level 9 in Fighting
  2891 | D:5      | Found a stormy altar of Qazlal.
  2999 | D:5      | Noticed Grinder
  3004 | D:5      | Paralysed by Grinder for 3 turns
  3016 | D:5      | Killed Grinder
  3085 | D:5      | Gained mutation: You have large cloven feet. [demonic ancestry]
  3085 | D:5      | Reached XP level 8. HP: 71/72 MP: 9/9
  3378 | D:6      | Reached skill level 10 in Fighting
  3575 | D:6      | Noticed Sigmund
  3581 | D:6      | Killed Sigmund
  3581 | D:6      | Reached skill level 11 in Fighting
  3723 | D:6      | Reached XP level 9. HP: 78/82 MP: 10/10
  3733 | D:6      | Slain by an ogre

Skill      XL: |  1  2  3  4  5  6  7  8 |
---------------+-------------------------+-----
Fighting       | 4 6 8 9 11 | 11.9
Axes           | |  1.7
Armour         | |  1.7
Dodging        | |  0.8
Invocations    | |  2.4

Action                   |  1- 3 |  4- 6 |  7- 9 || total
-------------------------+-------+-------+-------++-------
Melee: Hand axe          |    50 |       |       ||    50
       War axe           |    49 |   105 |   124 ||   278
       Headbutt          |    10 |    18 |    19 ||    47
       Kick              |       |       |    21 ||    21
Invok: Depart the Abyss  |     1 |       |       ||     1
  Use: Scroll            |     7 |     2 |     2 ||    11
       Potion            |     4 |     4 |     3 ||    11
  Eat: Bread ration      |     1 |       |     1 ||     2
       Pizza             |       |       |     1 ||     1
Armor: Leather armour    |    18 |       |       ||    18
       Scale mail        |    30 |    71 |   104 ||   205
Dodge: Dodged            |    69 |    62 |    85 ||   216
